Cogmind - Beta 13 @@@ ROGUE MODE // 2024.03.31 @ 22:37:21 Player: Snips Result: Destroyed by S-10 Pest with Light Assault Rifle Performance ------------- Evolutions (1) 500 Regions Visited (3) 600 Robots Destroyed (3) 15 Value Destroyed (77) 77 Prototype IDs (2) 40 Alien Tech Used (0) 0 Bonus (291) 291 TOTAL SCORE: 1523 Bonus ------- Pacifist 200 Follower Combat Kills 91 Cogmind --------- Core Integrity 0/400 Matter 280/300 Energy 95/100 System Corruption 15% Temperature Cool (0) Movement Core (100) Ox1 Location -9/Storage Parts ------- > --- POWER (1) -------- (None) > --- PROPULSION (2) --- (None) > --- UTILITY (4) ------ Improved Heat Sink > --- WEAPON (2) ------- Grenade Launcher > --- INVENTORY (5) ---- Heavy Ion Engine Heavy Ion Engine Heavy Ion Engine Peak State ------------ > --- POWER ------------ Cooled Ion Engine > --- PROPULSION ------- Light Treads Improved Treads > --- UTILITY ---------- Targeting Computer Targeting Computer Targeting Computer Targeting Computer > --- WEAPON ----------- Particle Cannon Particle Cannon > --- INVENTORY -------- Heavy Ion Engine Heavy Ion Engine Heavy Ion Engine Targeting Computer Targeting Computer [Rating: 15] Favorites ----------- Power Cooled Ion Engine Engine Cooled Ion Engine Propulsion VTOL Module Treads Light Treads Flight Unit VTOL Module Utility Targeting Computer Device Improved Heat Sink Processor Targeting Computer Weapon Particle Cannon Energy Cannon Particle Cannon Launcher Grenade Launcher Build | -11 -10 -9 -9 ------- Run | Yrd Mat Mat Sto Slots Evolved 2 | . . 2 . Power . | . . . . Propulsion . | . . . . Utility 2 | . . 2 . Weapon . | . . . . Parts Attached 19 | . 5 2 12 Power 3 | . 1 . 2 Engine 3 | . 1 . 2 Core . | . . . . Reactor . | . . . . Propulsion 5 | . 2 . 3 Treads 2 | . . . 2 Leg . | . . . . Wheel . | . . . . Hover . | . . . . Flight 3 | . 2 . 1 Utility 8 | . 2 2 4 Device 2 | . . . 2 Storage . | . . . . Processor 6 | . 2 2 2 Hackware . | . . . . Protection . | . . . . Artifact . | . . . . Weapon 3 | . . . 3 Energy Gun . | . . . . Energy Cannon 2 | . . . 2 Ballistic Gun . | . . . . Ballistic Cannon . | . . . . Launcher 1 | . . . 1 Special Weapon . | . . . . Impact Weapon . | . . . . Slashing Weapon . | . . . . Piercing Weapon . | . . . . Special Melee Weapon . | . . . . Unidentified Prototypes 2 | . . . 2 Parts Lost 13 | . . . 13 Power 2 | . . . 2 Propulsion 2 | . . . 2 Utility 7 | . . . 7 Weapon 2 | . . . 2 Highest Loss Streak 8 | . . . 8 To Critical Strikes 1 | . . . 1 Average Slot Usage (%) 46 | . 20 77 52 Engine 4 | . . 11 6 Treads 2 | . . . 3 Flight 4 | . 4 22 3 Device 4 | . . . 6 Processor 25 | . 16 44 28 Energy Cannon 3 | . . . 4 Naked Turns 29 | . 29 . . Heaviest Build 16 | . 3 3 16 Greatest Support 23 | 3 8 8 23 Greatest Overweight (x) 1 | . . . 1 Average Overweight (x) . | . . . . Largest Inventory Capacity 5 | 5 5 5 5 Average Capacity 5 | 5 5 5 5 Most Carried 5 | 5 5 4 5 Average Carried 3 | 3 4 3 3 Final Capacity 5 | 5 5 5 5 Final Carried 5 | 5 5 3 3 Class Distribution -------------------- 90% | Mutant 9% | Sprinter Dominant Class ---------------- Mutant | -10/Materials Mutant | -9/Materials Mutant | -9/Storage Resources | -11 -10 -9 -9 ----------- Run | Yrd Mat Mat Sto Matter Collected 404 | 123 . . 281 Remotely . | . . . . Salvage Created 56 | . . . 56 Parts 4 | . . . 4 Haulers Intercepted . | . . . . Recyclers Shooed . | . . . . Parts Field Recycled . | . . . . Retrieved Matter . | . . . . Parts Self-Destructed . | . . . . Prevented . | . . . . Kills | -11 -10 -9 -9 ------- Run | Yrd Mat Mat Sto Combat Hostiles Destroyed 3 | . . . 3 Cannons 1 | . . . 1 AOE 2 | . . . 2 Classes Destroyed 2 | . . . 2 Swarmer 2 | . . . 2 Duelist 1 | . . . 1 Best Kill Streak 2 | . . . 2 Combat Bots Only 2 | . . . 2 Max Kills in Single Turn 2 | . . . 2 Gunslinging . | . . . . Exploded 2 | . . . 2 Melee . | . . . . Uniques/NPCs Destroyed . | . . . . Combat | -11 -10 -9 -9 -------- Run | Yrd Mat Mat Sto Hostile Shots Fired 113 | . 22 . 91 Missed 44 | . 12 . 32 Damage Taken 1023 | . 78 . 945 Core 455 | . 53 . 402 Absorbed by Shields 60 | . . . 60 Core Remaining (%) 89 | 100 78 . . Volleys Fired 10 | . . . 10 Largest 2 | . . . 2 Hottest 136 | . . . 136 Shots Fired 19 | . . . 19 Gun . | . . . . Cannon 18 | . . . 18 Launcher 1 | . . . 1 Special . | . . . . Kinetic . | . . . . Thermal 18 | . . . 18 Explosive 1 | . . . 1 Electromagnetic . | . . . . Robot Hit Streak 9 | . . . 9 Robot Miss Streak 2 | . . . 2 Penetration Max . | . . . . Secondary Targets . | . . . . Shots Hit Robots 12 | . . . 12 Core Hits 6 | . . . 6 Critical Kills . | . . . . Critical Parts Destroyed . | . . . . Critical Strikes . | . . . . Melee Attacks . | . . . . Impact . | . . . . Slashing . | . . . . Piercing . | . . . . Sneak Attacks . | . . . . Combat Hostiles . | . . . . Follow-up Attacks . | . . . . Damage Inflicted 327 | . . . 327 Guns . | . . . . Cannons 240 | . . . 240 Explosions 84 | . . . 84 Melee . | . . . . Ramming 3 | . . . 3 Kinetic . | . . . . Thermal 240 | . . . 240 Explosive 84 | . . . 84 Electromagnetic . | . . . . Impact . | . . . . Slashing . | . . . . Piercing . | . . . . Highest Corruption 15 | . . . 15 Average Corruption 12 | . . . 12 Corruption Purged . | . . . . Corruption Blocked . | . . . . Effects 9 | . . . 9 Message Errors 1 | . . . 1 Matter Fused 2 | . . . 2 Heat Flow Errors 1 | . . . 1 Data Loss (minor) 1 | . . . 1 Data Loss (major) 1 | . . . 1 Misdirections 3 | . . . 3 Overload Shots . | . . . . Overflow Damage . | . . . . Projectiles . | . . . . Explosions . | . . . . Melee . | . . . . Knockbacks . | . . . . Impact . | . . . . Kinetic . | . . . . Secondary . | . . . . Self-Inflicted Damage 1 | . . . 1 Shots . | . . . . Rammed 3 | . . . 3 Targets Rammed 3 | . . . 3 Kicked . | . . . . Crushed . | . . . . Highest Temperature 701 | . . . 701 Average Temperature 345 | . . . 345 Received Heat Transfer 243 | . . . 243 Effects 14 | . . . 14 Shutdowns 2 | . . . 2 Energy Bleed 1 | . . . 1 Interference 2 | . . . 2 Matter Decay 2 | . . . 2 Damage (major) 7 | . . . 7 Siege Activations . | . . . . Robots Corrupted . | . . . . Combat Hostiles . | . . . . Parts Fried . | . . . . Impact Corruptions . | . . . . Robots Melted . | . . . . Combat Hostiles . | . . . . Parts Melted . | . . . . Heat Transferred 331 | . . . 331 Parts Sabotaged . | . . . . Parts Stolen . | . . . . Parts Stripped . | . . . . Power Chain Reactions . | . . . . Alert | -11 -10 -9 -9 ------- Run | Yrd Mat Mat Sto Peak Influence 88 | . 4 16 88 Initial 6 | . . 1 6 Average 25 | . 3 4 34 Maximum Alert Level . | . . . . Low Security (%) 100 | 100 100 100 100 Level 1 . | . . . . Level 2 . | . . . . Level 3 . | . . . . Level 4 . | . . . . Level 5 . | . . . . High Security . | . . . . Max Security . | . . . . Squads Dispatched 3 | . . . 3 Investigation . | . . . . Extermination . | . . . . Reinforcement 1 | . . . 1 Assault 2 | . . . 2 Garrison . | . . . . Intercept . | . . . . Searches Triggered . | . . . . Construction Impeded . | . . . . Haulers Reinforced . | . . . . Active Scanning Responses . | . . . . Cargo Convoy Interrupts . | . . . . Stealth | -11 -10 -9 -9 --------- Run | Yrd Mat Mat Sto Distress Signals 1 | . . . 1 Communications Jammed . | . . . . Distress Signals . | . . . . Times Spotted 17 | . 3 . 14 Peak Tracking Total 8 | . 3 . 8 Tactical Retreats . | . . . . Traps | -11 -10 -9 -9 ------- Run | Yrd Mat Mat Sto Traps Triggered 3 | . . . 3 Indirectly . | . . . . Trap Hack Attempts . | . . . . Triggered . | . . . . Disarmed . | . . . . Reprogrammed . | . . . . Reused . | . . . . Traps Extracted . | . . . . Installed . | . . . . Triggered . | . . . . Machines | -11 -10 -9 -9 ---------- Run | Yrd Mat Mat Sto Machines Disabled 1 | . . . 1 Max in Single Turn 1 | . . . 1 Machines Repaired . | . . . . Machines Dismantled . | . . . . Machines Sabotaged . | . . . . Overloaded Fab Kills . | . . . . Hacking | -11 -10 -9 -9 --------- Run | Yrd Mat Mat Sto Machines Accessed 1 | . 1 . . Terminals 1 | . 1 . . Fabricators . | . . . . Repair Stations . | . . . . Recycling Units . | . . . . Scanalyzers . | . . . . Garrison Access . | . . . . Total Hacks 4 | . 4 . . Successful 3 | . 3 . . Failed . | . . . . Catastrophic . | . . . . Database Lockouts 1 | . 1 . . Manual . | . . . . Terminals 4 | . 4 . . Fabricators . | . . . . Repair Stations . | . . . . Recycling Units . | . . . . Scanalyzers . | . . . . Garrison Access . | . . . . Terminal Hacks 3 | . 3 . . Record 3 | . 3 . . Fabricator Hacks . | . . . . Repair Station Hacks . | . . . . Recycling Unit Hacks . | . . . . Scanalyzer . | . . . . Garrison Access Hacks . | . . . . Unauthorized Hacks . | . . . . Terminals . | . . . . Fabricators . | . . . . Repair Stations . | . . . . Recycling Units . | . . . . Scanalyzers . | . . . . Garrison Access . | . . . . Data Cores Recovered . | . . . . Used . | . . . . Hacking Detections 1 | . 1 . . Full Trace Events 1 | . 1 . . Feedback Events . | . . . . Feedback Blocked . | . . . . Robot Schematics Acquired . | . . . . Robots Built . | . . . . Authchips . | . . . . Time . | . . . . Total Robot Build Rating . | . . . . Part Schematics Acquired . | . . . . Parts Built . | . . . . Authchips . | . . . . Time . | . . . . Total Part Build Rating . | . . . . Parts Repaired . | . . . . Time . | . . . . Parts Recycled . | . . . . Recycled Matter . | . . . . Retrieved Matter . | . . . . Retrieved Components . | . . . . Parts Scanalyzed . | . . . . Part Schematics Acquired . | . . . . Parts Damaged . | . . . . Bothacking | -11 -10 -9 -9 ------------ Run | Yrd Mat Mat Sto Used RIF Installer . | . . . . Robots Hacked . | . . . . Non-combat . | . . . . Combat . | . . . . Robot Hacks Applied . | . . . . Relay Couplers Released . | . . . . Fabnet Peak Effective % . | . . . . Robots Rewired . | . . . . Allies Hacked . | . . . . Hacks Repelled . | . . . . Allies | -11 -10 -9 -9 -------- Run | Yrd Mat Mat Sto Total Allies 2 | . . . 2 Largest Group 2 | . . . 2 Highest-Rated Group 62 | . . . 62 Highest-Rated Ally 31 | . . . 31 Total Orders . | . . . . Ally Attacks 10 | . . . 10 Total Damage 163 | . . . 163 Kills 3 | . . . 3 Allies Corrupted . | . . . . Allies Melted . | . . . . Intel | -11 -10 -9 -9 ------- Run | Yrd Mat Mat Sto Robot Analysis Total . | . . . . Derelict Logs Recovered . | . . . . Drone Launches . | . . . . Drone Recoveries . | . . . . Exploration | -11 -10 -9 -9 ------------- Run | Yrd Mat Mat Sto Turns Passed 321 | 17 66 9 229 Spaces Moved 338 | 23 99 20 196 Core 240 | 23 91 . 126 Treads 28 | . . . 28 Legs . | . . . . Wheels . | . . . . Hover . | . . . . Flight 70 | . 8 20 42 Fastest Speed 32 | 50 32 32 32 Average Speed 57 | 50 48 32 66 Slowest Speed 160 | 50 50 32 160 Overloaded Moves . | . . . . Propulsion Burnouts . | . . . . Robots Hopped . | . . . . Cave-ins Triggered . | . . . . Exploration Rate (%) 13 | 3 21 2 26 Regions Visited 3 Branch Regions 1 Pre-discovered Areas . | . . . . Known Exits Taken . | . . . . Unknown Exits Taken 3 | 1 1 1 . Scrap Searched . | . . . . Spaces Dug . | . . . . Terrain Destroyed 6 | . . . 6 Melee . | . . . . Projectile . | . . . . AOE 6 | . . . 6 Terrain Rammed . | . . . . Walls Destroyed . | . . . . Machines Disabled . | . . . . Actions | -11 -10 -9 -9 --------- Run | Yrd Mat Mat Sto Total 434 | 27 116 21 270 Wait 11 | . 4 . 7 Move 335 | 22 98 19 196 Hop . | . . . . Pick Up 13 | 5 5 . 3 Fast Attach 12 | . 4 . 8 Attach 6 | . 1 2 3 Detach . | . . . . Swap 1 | . . . 1 Drop 6 | . 4 . 2 Fire 10 | . . . 10 Melee . | . . . . Ram 3 | . . . 3 Kick . | . . . . Crush . | . . . . Escape Stasis 37 | . . . 37 Rewire . | . . . . Trap . | . . . . Miscellaneous . | . . . . Route ------- -11/Scrapyard -10/Materials -9/Materials -9/Storage History --------- Turn | Location | Event 12 | -11/Scrapyard | Discovered new exit (range 12) 18 | -11/Scrapyard | Entered Materials 21 | -10/Materials | Central database locked down 68 | -10/Materials | Discovered new exit (range 11) 84 | -10/Materials | Entered another Materials area 84 | -9/Materials | Evolved 2 slots: Utility x2 88 | -9/Materials | Discovered new exit (range 15) 93 | -9/Materials | Entered Storage 127 | -9/Storage | Met a pair of Derelict thieves 151 | -9/Storage | Lost 3 parts (1p2n) 235 | -9/Storage | System corruption reached 10% 240 | -9/Storage | Core integrity fell below 50% 267 | -9/Storage | Lost 8 parts (1p5u2w) 299 | -9/Storage | Core integrity fell below 20% 322 | -9/Storage | Destroyed by S-10 Pest with Light Assault Rifle Last Messages --------------- Field strength at 36. Field strength at 26. Field strength at 20. Field strength at 14. Field strength at 8. Field strength at 2. Stasis field depleted. K-01 Serf collects debris. System corrupted: Matter fused (-9). Imp. Heat Sink destroyed. Connecting with Door Terminal... Current location identified: Storage K-01 Serf collects debris. Slammed into Y-45 Defender. System corrupted: Substantial component data lost. Targeting Computer destroyed. WF=LKOBIO 4LHR&YFO&9Z1|LK| D9B2U K-01 Serf collects debris. Acquired Grenade Launcher. S-10 Pest destroyed. Map ----- +----------------------------------------------------+ | ???????????????????????????### ####+####### | | ?????????????????????####### ## ##?## = #??? | | ?????????????????????# * # #??#T! #??? | | ?????????????????????# """ # #?###" "##??? | | ?????????????????????# "R" # #?# #??? | | ?????????????????????#== "=" # #?#** #??? | | ?????????????????????#=! [ = =/% #?# #??? | | ?????????????????????#=!%=!"" # #?#* *#??? | | ?????????""""????????#!%*] "" # #?########??? | | ????????## #????????# "" # ##??????????? | | ????????#T #????????# # "#??????????? | | ?????????# #????????########## T#??????????? | | ?????????# ########??????????# "#??????????? | | ?????????# # #??????????# ##??????????? | | ?????????# # #??????????# #???????????? | | ?????????# + ############ ^#???????????? | | ?????????# # + #???????????? | | ?????????# # ########## #???????????? | | ?????????#^ # #????????# #???????????? | | ?????????# # #????????# #???????????? | | ?????????# # #????????# #???????????? | | ????##"??# # #????????# #???????????? | | ????#T # # ########## #???????????? | | ?????# " + ##]] # # #???????????? | | ?????##### # ##]] " ######+?????? | | ????????## #########]@ * g ?? | | ????????# #??????# "[%= s ?? | | ????????# #??????#]]] #T## o ?? | | ????????# #??????#]]] ########/##### ##??? | | ????????# #??????######??????? ???? #???? | | ????????##"###???????????????????"" ???? ????? | | ???????## #?????????????????????" #???????? | | ???????#T #?????????????????????? #???????? | | ???????##" "#??????????????????????? #???????? | | ?????????* *????????????????????????? #???????? | | ?????????* *??????????????????????????????????? | | ????????#* *#?????????????????????????????????? | | ????????#* *#?????????????????????????????????? | | ????????#####?????????????????????????????????? | | ??????????????????????????????????????????????? | | ??????????????????????????????????????????????? | | ??????????????????????????????????????????????? | | ??????????????????????????????????????????????? | | ??????????????????????????????????????????????? | | ??????????????????????????????????????????????? | | ??????????????????????????????????????????????? | | ??????????????????????????????????????????????? | | ??????????????????????????????????????????????? | | ??????????????????????????????????????????????? | | ??????????????????????????????????????????????? | +----------------------------------------------------+ Best States ------------- Heat Dissipation 56 Energy Generation 14 Energy Capacity 280 Matter Stores 300 Matter Capacity 300 Sight Range 16 Terrain Scan Density 10 Evasion (%) 63 Targeting Accuracy 20 Recoil Reduction 1 Item Schematics ----------------- None Robot Schematics ------------------ None Fabricated ------------ Nothing Alien Tech Used ----------------- None Achievements -------------- None Challenges ------------ None Game ------ Seed ThermicLatentBarrier Manual? 0 Play Time 00:06:52 Cumulative 2.7 hours Start 2024.03.31 @ 22:30:07 End 2024.03.31 @ 22:37:21 Sessions 1 Manual Loads 0 Difficulty Rogue Special Mode None Game No. 15 Rogue 15 Adventurer 0 Explorer 0 Win Type - Total 0 Types 0/0/0/0/0/0/0/0/0 Lore% 3 Gallery% 10 Achievement% 18 Wizard Run 0 Options --------- Layout 1 ASCII 0 Keyboard 0 Movement Numpad Keybinds 0 Fullscreen 2 Font 48/Terminus++ Map View 55x35 Zoom Use 0% Tactical HUD 0 Map Filters NONE Filters NONE Steam 1 RUN: e4efd8a5-bf75-4c9b-add3-0c9fbf653262